 Dungeon Crawl Stone Soup version 0.31.0-1-g2c135a008e (webtiles) character file.

Game seed: 15799969150109173540

5 qw the Shooter (level 1, -3/18 HPs)
             Began as a Djinni Hunter on Jan 23, 2024.
             Frozen to death by an endoplasm (6 damage)
             ... on level 1 of the Dungeon.
             The game lasted 00:00:00 (160 turns).

qw the Shooter (Djinni Hunter)                       Turns: 160, Time: 00:00:00

Health: -3/18      AC:  3    Str: 10    XL:     1   Next: 88%
Gold:   10         EV: 12    Int: 10    God:
                   SH:  0    Dex: 16

rFire   + + .        a - +0 shortbow
rCold   x . .        (shield currently unavailable)
rNeg    . . .        c - +0 leather armour
rPois   inf          (no helmet)
rElec   .            (no cloak)
rCorr   .            (no gloves)
SInv    .            (boots unavailable)
Will    .....        (no amulet)
Stlth   +            (no ring)
HPRegen 0.23/turn    (no ring)
MPRegen 0.00/turn

%: infuse magic (-4 HP)
@: flying
A: sickness immunity, fire resistance 2, cold vulnerability 1, float, innate
caster, HP casting, extra vitality 1
a: no special abilities


You were on level 1 of the Dungeon.
You visited 1 branch of the dungeon, and saw 1 of its levels.

You collected 10 gold pieces.


Innate Abilities, Weirdness & Mutations

You are immune to sickness and miasma.
You are immune to poison.
Your flesh is very heat resistant. (rF++)
You are vulnerable to cold. (rC-)
You float through the air rather than walking.
You learn spells naturally, not from books.
Your magical power is your life essence.
You have superior vitality. (+4 MHP)


   Skills:
 - Level 2.0 Fighting
 + Level 3.5 Ranged Weapons
 - Level 2.1 Dodging
 - Level 0.7 Stealth You didn't know any spells. Your spell library was empty.

Inventory:

Hand Weapons
 a - a +0 shortbow (weapon)
Armour
 c - a +0 leather armour (worn)
Jewellery
 d - a +6 ring of strength
Scrolls
 b - a scroll of butterflies

Dungeon Overview and Level Annotations

Branches:
Dungeon (1/15)

Altars:


Message History

You shoot an arrow. The arrow hits the giant cockroach.
The giant cockroach is heavily wounded.
You shoot an arrow.
The arrow hits the giant cockroach but does no damage.
The giant cockroach is heavily wounded.
The giant cockroach misses you.
A goblin comes into view. It is wielding a +0 club.
The giant cockroach misses you.
You shoot an arrow. The goblin shouts!
The arrow hits the giant cockroach.
You kill the giant cockroach!
You shoot an arrow. The arrow barely misses the rat.
The rat bites you but does no damage.
You shoot an arrow. The arrow hits the rat.
You kill the rat!
An endoplasm comes into view.
You shoot an arrow. The arrow misses the goblin.
You shoot an arrow. The arrow closely misses the goblin.
A quokka comes into view.
You shoot an arrow. The arrow closely misses the goblin.
The goblin hits you with a +0 club. The goblin barely misses you.
You shoot an arrow. The arrow barely misses the goblin.
The endoplasm jiggles.
The goblin misses you.
You shoot an arrow. The arrow hits the goblin.
The goblin is moderately wounded.
The goblin hits you but does no damage.
You shoot an arrow. The arrow hits the goblin.
The goblin is heavily wounded.
The endoplasm freezes you.
You are frozen.
You feel a terrible chill! The goblin hits you with a +0 club.
The goblin barely misses you. The endoplasm freezes you.
You are frozen.
You feel a terrible chill!
You shoot an arrow. The arrow hits the goblin.
You kill the goblin!
The endoplasm freezes you.
You are frozen.
You feel a terrible chill!
You die...

..#.# #.....##.#
#########.###.##.#
....#...#. #....#
#.#.#.#.### ####.#
..#...#..<# #.#
#####.##### #.# #
#... #.# # #####
##.# #.@#
......rJ#
........#
.......[#
........#
...)....#
........#
........#


You could see an endoplasm and a quokka.

Vanquished Creatures
  An endoplasm (D:1)
  A giant cockroach (D:1)
  A quokka (D:1)
  2 goblins (D:1)
  A rat (D:1)
6 creatures vanquished.

Notes
Turn   | Place    | Note
-------+----------+-------------------------------------------
     0 | D:1      | qw the Djinni Hunter began the quest for the Orb.
     0 | D:1      | Reached XP level 1. HP: 18/18 MP: 0/0
     0 | D:1      | 0 ||| qw: Version: 0.3-a-135-gb77e89d
     0 | D:1      | 0 ||| qw: Game counter: 800
     0 | D:1      | 0 ||| qw: Melee chars always use a shield: true
     0 | D:1      | 0 ||| qw: God list: Okawaru
     0 | D:1      | 0 ||| qw: Allow faded altars: false
     0 | D:1      | 0 ||| qw: Do Orc after clearing Dungeon:15 true
     0 | D:1      | 0 ||| qw: Do second Lair branch before Depths: true
     0 | D:1      | 0 ||| qw: Lair rune preference: random
     0 | D:1      | 0 ||| qw: Goals: Normal
     0 | D:1      | 0 ||| PLANNING D:1-11
   159 | D:1      | HP: 3/18 [frozen (3)]
   160 | D:1      | Frozen to death by an endoplasm

Levels and vault maps discovered:
D:1:      elethiomel_arrival_maze, layout_rooms

Action                     || total
---------------------------++-------
   Fire: Shortbow          ||    23
 Armour: Leather armour    ||     5
  Dodge: Dodged            ||     5

Table legend:
 A = Non-vault XP
 B = Vault XP
 C = Vault XP percentage of total XP
 D = Non-vault monster count
 E = Vault monster count
 F = Vault count percentage of total count
                 A         B        C        D         E       F
            +---------+---------+-------+---------+---------+-------
      Total |      10 |       0 |   0.0 |       6 |       0 |   0.0
            +---------+---------+-------+---------+---------+-------
        D:1 |      10 |       0 |   0.0 |       6 |       0 |   0.0
            +---------+---------+-------+---------+---------+-------
